 Dungeon Crawl Stone Soup version 0.30-b1-2-g02819fbbbe (webtiles) character file.

Game seed: 11437867283176824106

254 VeryBadPlayer the Shield-Bearer (level 5, 0/53 HPs)
             Began as a Troll Fighter on Nov 14, 2023.
             Slain by a hound (5 damage)
             ... on level 4 of the Dungeon.
             The game lasted 00:04:33 (1889 turns).

VeryBadPlayer the Shield-Bearer (Troll Fighter)     Turns: 1889, Time: 00:04:34

Health: 0/53       AC:  4    Str: 26    XL:     5   Next: 91%
Magic:  4/4        EV:  9    Int:  4    God:
Gold:   139        SH: 13    Dex:  9    Spells: 4/4 levels left

rFire   . .          .
                       - Unarmed
rCold   . . .        b - +0 kite shield
rNeg    . . .        a - +0 robe
rPois   .            (helmet restricted)
rElec   .            (no cloak)
rCorr   .            (gloves unavailable)
SInv    .            (boots unavailable)
Will    .....        k - amulet of reflection
Stlth   +            (no ring)
HPRegen 1.08/turn    (no ring)
MPRegen 0.09/turn

%: reflection
@: no status effects
A: large, unfitting armour, claws 3, regeneration 1, shaggy fur 1, tough skin 1
a: no special abilities


You were on level 4 of the Dungeon.
You visited 1 branch of the dungeon, and saw 4 of its levels.

You collected 139 gold pieces.

Inventory:

Armour
 a - a +0 robe (worn)
 b - a +0 kite shield (worn)
Jewellery
 k - an amulet of reflection (around neck)
 u - a ring of protection from cold
 w - an amulet of the acrobat
Wands
 h - a wand of mindburst (9)
Scrolls
 d - a scroll of fear
 e - a scroll of vulnerability
 i - a scroll of noise
 j - a scroll of teleportation
 m - a scroll of immolation
 p - a scroll of magic mapping {unknown}
 q - a scroll of poison {unknown}
Potions
 c - 3 potions of might
 f - a potion of berserk rage {unknown}
 g - a potion of brilliance {unknown}
 l - a potion of haste {unknown}
 n - a potion of flight {unknown}
 o - 3 potions of heal wounds {unknown}
 r - a potion of attraction {unknown}
 s - a potion of lignification {unknown}
 t - a potion of mutation {unknown}
 v - a potion of curing {unknown}


   Skills:
 + Level 3.4 Fighting
 + Level 3.4 Dodging
 + Level 3.8 Shields
 + Level 3.5 Unarmed Combat


You had 4 spell levels left.
You didn't know any spells.
Your spell library contained the following spells:

 Spells                   Type           Power      Damage    Failure   Level
 Apportation              Tloc           0%         N/A       75%         1
 Necrotise                Necr           0%         1d4       75%         1
 Summon Small Mammal      Summ           0%         N/A       75%         1
 Static Discharge         Conj/Air       0%         2-2/arc   86%         2
 Airstrike                Air            0%         2d(0-16)  100%        4
 Summon Lightning Spire   Summ/Air       0%         N/A       100%        4


Dungeon Overview and Level Annotations

Branches:
Dungeon (4/15)
 Temple: D:4-7

Altars:
Zin

Shops:
D:1 ?

Portals:
Abyss: D:3

Annotations:
D:3 2 transporters, VeryBadPlayer's ghost, amateur TrFi
D:4 Dowan; Duvessa; Pikel


Innate Abilities, Weirdness & Mutations

You are too large for most types of armour.
You have claws for hands.
Your natural rate of healing is unusually fast.
You are covered in fur. (AC +1)
You have tough skin. (AC +1)


Message History

Pikel burns you.
Duvessa shouts!
You scratch Pikel but do no damage.
Pikel is moderately wounded.
The hound bites you. You block the lemure's attack.
Pikel hits you with a +0 whip of flaming.
Pikel burns you.
Unknown command.
You closely miss Pikel.
Pikel is moderately wounded.
You block the hound's attack. The jackal barely misses you.
The hound bites you but does no damage.
Dowan, Brother of Duvessa comes into view.
He is wielding a +0 dagger.
Pikel closely misses you. You block the jackal's attack.
Unknown command.
You barely miss Pikel.
Pikel is moderately wounded.
You block the hound's attack. You block the jackal's attack.
The lemure hits you!
* * * LOW HITPOINT WARNING * * *
Pikel says, "You'll feel the lick of my whip!"
Pikel barely misses you.
You miss Pikel.
Pikel is moderately wounded.
The hound bites you. You block the jackal's attack.
You block the hound's attack. The lemure closely misses you.
A lemure comes into view.
The lemure hits you!
* * * LOW HITPOINT WARNING * * *
Pikel hits you with a +0 whip of flaming.
* * * LOW HITPOINT WARNING * * *
Pikel burns you.
* * * LOW HITPOINT WARNING * * *
The jackal barely misses you.
Unknown command.
The lemure shouts!
You scratch Pikel.
Pikel is moderately wounded.
The hound bites you.
You die...

####....
#...5.. /
#.....# ..
##..... e..
#.....# ..##
#...5## e...
##.K5#..#
#<.5@hh.#
#....h......
#.......#....#
###..#.## ....
####.# ... ###
.. .


You could see Pikel, Duvessa, a black bear, 4 lemures, Dowan, a hound and a
jackal.

Vanquished Creatures
  Sigmund (D:3)
  4 adders (D:3)
  2 dart slugs
  An orc (D:2)
  6 bats
  3 endoplasms
  3 giant cockroaches
  6 hobgoblins
  11 jackals
  6 kobolds
  3 quokkas
  A ball python (D:1)
  2 frilled lizards (D:3)
  6 goblins
  4 rats
59 creatures vanquished.

Notes
Turn   | Place    | Note
-------+----------+-------------------------------------------
     0 | D:1      | VeryBadPlayer the Troll Fighter began the quest for the
                  | Orb.
     0 | D:1      | Reached XP level 1. HP: 22/22 MP: 0/0
   190 | D:1      | Reached XP level 2. HP: 29/29 MP: 1/1
   428 | D:1      | Found Dutsuh's Magic Scroll Emporium.
   683 | D:2      | Reached XP level 3. HP: 36/36 MP: 2/2
   734 | D:2      | Found a faded altar of an unknown god.
  1370 | D:3      | Found a glowing silver altar of Zin.
  1396 | D:3      | Noticed VeryBadPlayer's ghost (amateur TrFi)
  1399 | D:3      | Noticed a toenail golem
  1418 | D:3      | Found a transporter.
  1525 | D:3      | Reached XP level 4. HP: 44/44 MP: 3/3
  1687 | D:3      | Noticed Sigmund
  1699 | D:3      | Killed Sigmund
  1700 | D:3      | Reached XP level 5. HP: 46/53 MP: 4/4
  1809 | D:3      | Found a transporter.
  1827 | D:3      | Found a one-way gate to the infinite horrors of the Abyss.
  1875 | D:4      | Noticed a lemure
  1875 | D:4      | Noticed Pikel
  1881 | D:4      | Noticed a lemure
  1883 | D:4      | Noticed a black bear
  1883 | D:4      | Noticed a lemure
  1884 | D:4      | Noticed Duvessa
  1886 | D:4      | Noticed Dowan
  1888 | D:4      | Noticed a lemure
  1889 | D:4      | Slain by a hound

Illustrated notes

Levels and vault maps discovered:
D:1:      kilobyte_arrival_exit_the_forest, layout_rooms, serial_shops, shop
D:2:      layout_loops_ring, dreamdust_ecumenical_altar_grove
D:3:      layout_rooms, mainiacjoe_overflow_chevrons,
          gammafunk_ghost_abyssal_escape, uniq_sigmund
D:4:      layout_cave_pools, nicolae_gozag_cash_rules_everything_around_me,
          uniq_duvessa, uniq_menkaure, uniq_pikel

Skill      XL: |  1  2  3  4 |
---------------+-------------+-----
Shields        | 3 |  3.8
Fighting       | 3 |  3.4
Dodging        | 3 |  3.4
Unarmed Combat | 3 |  3.5

Action                     |  1- 3 |  4- 6 || total
---------------------------+-------+-------++-------
  Melee: Unarmed           |   131 |    57 ||   188
    Use: Scroll            |       |     5 ||     5
   Stab: Sleeping          |     1 |       ||     1
 Armour: Robe              |    47 |    20 ||    67
  Dodge: Dodged            |    53 |    21 ||    74
  Block: Kite shield       |    52 |    38 ||    90
